 Dungeon Crawl Stone Soup version 0.28.0-53-g5a82cb258f (webtiles) character file.

Game seed: 15638534607466561550

624564 Lutefisk the Hellbinder (level 27, -12/214 (224) HPs)
             Began as a Barachi Summoner on Aug 20, 2022.
             Was a High Priest of Lugonu.
             Killed from afar by a purple draconian shifter (30 damage)
             ... with a bolt of dispelling energy
             ... on level 3 of the Realm of Zot on Aug 21, 2022.
             The game lasted 08:30:19 (73322 turns).

Lutefisk the Hellbinder (Barachi Summoner)         Turns: 73322, Time: 08:30:19

HP:   -12/214 (224) AC: 31    Str: 23      XL:     27
MP:   9/38          EV: 23    Int: 22 (24) God:    Lugonu [*****.]
Gold: 3942          SH: 26    Dex: 18      Spells: 7/48 levels left

rFire   + . .      SeeInvis +   v - +8 autumn katana {vorpal, manifold assault}
rCold   + . .      Faith    .   y - +5 kite shield
rNeg    + + .      Spirit   .   E - +5 ring mail {rC+}
rPois   +          Reflect  +   s - +2 helmet {Int+3}
rElec   +          Harm     .   R - +2 cloak {rCorr}
rCorr   +          Rampage  .   X - +2 pair of gloves of Pride {rElec rF- rN++ SInv}
Will    ++...      Clarity  +   i - +2 pair of boots
Stlth   +++.......              W - amulet of Enuipnir {Reflect +Inv Str+4 SH+5}
HPRegen 0.45/turn               Z - ring of protection from fire
MPRegen 0.26/turn               h - ring "Hifily" {rF+ Str+6 Int+2}

@: unable to hop, studying 2 skills, lightly drained, slow
A: amphibious, slowness 1, strong legs 2, +LOS, clarity, clumsy 1, deterioration
1, poison resistance
}: 5/15 runes: decaying, slimy, silver, abyssal, gossamer
a: Hop, Renounce Religion, Evoke Invisibility, Depart the Abyss, Bend Space,
Banish, Corrupt, Enter the Abyss


You were on level 3 of the Realm of Zot.
You worshipped Lugonu.
Lugonu was extremely pleased with you.
You visited 12 branches of the dungeon, and saw 55 of its levels.
You visited the Abyss 4 times.
You visited 1 bazaar.
You also visited: Ice Cave.

You collected 7182 gold pieces.
You spent 3240 gold pieces at shops.

Inventory:

Hand Weapons
 v - the +8 autumn katana (weapon) {vorpal, manifold assault}
   (You bought it in a shop on level 14 of the Dungeon)

   It sometimes launches melee attacks against multiple visible enemies.
Missiles
 m - 4 throwing nets (quivered)
Armour
 i - a +2 pair of boots (worn)
 n - a +2 pair of gloves
 s - a +2 helmet of intelligence (worn)
 y - a +5 kite shield (worn)
 E - a +5 ring mail of cold resistance (worn)
 R - a +2 cloak of preservation (worn)
 X - the +2 pair of gloves of Pride (worn) {rElec rF- rN++ SInv}
   (You found it on level 4 of the Spider Nest)

   rF:        It makes you vulnerable to fire.
   rElec:     It insulates you from electricity.
   rN:        It greatly protects you from negative energy.
   SInv:      It lets you see invisible.
Jewellery
 h - the ring "Hifily" (right hand) {rF+ Str+6 Int+2}
   (You found it on level 5 of the Vaults)

   [ring of protection from fire]

   Str:       It affects your strength (+6).
   Int:       It affects your intelligence (+2).
   rF:        It protects you from fire.
 k - a ring of protection from fire
 r - a +4 ring of protection
 t - the ring "Ybaamaoq" {*Corrode rN+ Will+++ Str+4 Dex-4}
   (You found it on level 3 of the Crypt)

   [ring of positive energy]

   Str:       It affects your strength (+4).
   Dex:       It affects your dexterity (-4).
   rN:        It protects you from negative energy.
   *Corrode:  It may corrode you when you take damage.
   Will:      It greatly increases your willpower.
 B - the ring "Mitoasad" {*Slow rF++ MP+9 AC+4 Stlth-}
   (You found it on level 5 of the Pits of Slime)

   [ring of protection]

   AC:        It affects your AC (+4).
   rF:        It greatly protects you from fire.
   MP:        It affects your magic capacity (+9).
   *Slow:     It may slow you when you take damage.
   Stlth:     It makes you less stealthy.
 G - the ring "Seasm" {Str+5 Dex+6}
   (You found it on level 5 of the Vaults)

   [ring of dexterity]

   Str:       It affects your strength (+5).
   Dex:       It affects your dexterity (+6).
 L - a ring of ice
 M - a ring of flight
 P - the ring "Odwelem" {Fire Will+ Dex+2}
   (You found it on level 3 of the Elven Halls)

   [ring of fire]

   It enhances your fire magic.
   Dex:       It affects your dexterity (+2).
   rF:        It protects you from fire.
   rC:        It makes you vulnerable to cold.
   Will:      It increases your willpower.
 T - an amulet of regeneration
 W - the amulet of Enuipnir (around neck) {Reflect +Inv Str+4 SH+5}
   (You found it on level 2 of the Realm of Zot)

   [amulet of reflection]

   It reflects blocked missile attacks.
   Str:       It affects your strength (+4).
   +Inv:      It lets you turn invisible.
   SH:        It affects your SH (+5).
 Z - a ring of protection from fire (left hand)
Wands
 l - a wand of mindburst (7)
 p - a wand of paralysis (26)
 x - a wand of acid (13)
 z - a wand of iceblast (35)
 D - a wand of flame (64)
 I - a wand of digging (22)
Scrolls
 a - 2 scrolls of silence
 b - 8 scrolls of amnesia
 c - 5 scrolls of fog
 d - 11 scrolls of teleportation
 j - 4 scrolls of immolation
 u - 4 scrolls of enchant armour
 A - 6 scrolls of magic mapping
 H - 5 scrolls of fear
 N - 2 scrolls of holy word
 Q - 9 scrolls of vulnerability
Potions
 e - 10 potions of curing
 f - a potion of attraction
 o - 2 potions of resistance
 q - 10 potions of magic
 w - 6 potions of flight
 F - 7 potions of mutation
 J - 4 potions of lignification
 K - 7 potions of haste
 S - 4 potions of might
 U - a potion of invisibility
 V - 5 potions of brilliance
Miscellaneous
 C - a phantom mirror
 O - a phantom mirror
 Y - a condenser vane


   Skills:
 - Level 20.0 Fighting
 - Level 12.0 Long Blades
 - Level 2.0 Polearms
 * Level 23.0 Armour
 - Level 20.0 Dodging
 - Level 8.0 Stealth
 - Level 20.0 Shields
 - Level 11.0 Spellcasting
 - Level 1.0 Hexes
 O Level 27 Summonings
 - Level 2.0 Air Magic
 - Level 2.0 Earth Magic
 - Level 13.0 Invocations
 - Level 4.0 Evocations


You had 7 spell levels left.
You knew the following spells:

 Your Spells              Type           Power      Damage    Failure   Level
a - Summon Small Mammal   Summ           100%       N/A       0%          1
b - Call Imp              Summ           92%        N/A       0%          2
c - Call Canine Familiar  Summ           92%        N/A       0%          3
d - Summon Lightning Spi  Summ/Air       66%        N/A       1%          4
e - Summon Guardian Gole  Hex/Summ       65%        N/A       1%          3
f - Animate Armour        Summ/Erth      100%       N/A       1%          4
g - Dragon's Call         Summ           46%        N/A       14%         9
h - Summon Horrible Thin  Summ           46%        N/A       1%          8
i - Summon Hydra          Summ           46%        N/A       1%          7

Your spell library contained the following spells:

 Spells                   Type           Power      Damage    Failure   Level
 Sandblast                Erth           40%        2d10      4%          1
 Animate Skeleton         Necr           24%        N/A       10%         1
 Beastly Appendage        Tmut           24%        N/A       10%         1
 Foxfire                  Conj/Fire      48%        2x1d6     10%         1
 Freeze                   Ice            48%        1d7       10%         1
 Magic Dart               Conj           48%        1d5       10%         1
 Pain                     Necr           48%        1d6       10%         1
 Corpse Rot               Necr/Air       32%        N/A       10%         2
 Passwall                 Tmut/Erth      13%        N/A       10%         2
 Static Discharge         Conj/Air       16%        N/A       10%         2
 Ensorcelled Hibernation  Hex/Ice        28%        N/A       12%         2
 Swiftness                Air            20%        N/A       12%         3
 Blink                    Tloc           24%        N/A       14%         2
 Sublimation of Blood     Necr           12%        N/A       14%         2
 Wereblood                Tmut           12%        N/A       14%         2
 Stone Arrow              Conj/Erth      32%        3d9       19%         3
 Dazzling Flash           Conj/Hex       28%        N/A       22%         3
 Inner Flame              Hex/Fire       14%        N/A       22%         3
 Mephitic Cloud           Conj/Pois/Air  15%        N/A       22%         3
 Portal Projectile        Hex/Tloc       28%        N/A       22%         3
 Conjure Flame            Conj/Fire      12%        6-21      28%         3
 Frozen Ramparts          Ice            24%        1d4       28%         3
 Gell's Gravitas          Tloc           12%        N/A       28%         3
 Ignite Poison            Fire/Tmut/Pois 12%        N/A       28%         3
 Lesser Beckoning         Tloc           12%        N/A       28%         3
 Ozocubu's Armour         Ice            12%        N/A       28%         3
 Spider Form              Tmut/Pois      12%        N/A       28%         3
 Teleport Other           Tloc           12%        N/A       28%         3
 Vampiric Draining        Necr           12%        2d6       28%         3
 Malign Gateway           Summ/Tloc      32%        N/A       30%         7
 Spellforged Servitor     Conj/Summ      32%        N/A       30%         7
 Airstrike                Air            10%        N/A       38%         4
 Cause Fear               Hex            8%         N/A       52%         4
 Anguish                  Hex/Necr       7%         N/A       58%         4
 Dispel Undead            Necr           12%        3d9       67%         4
 Flame Wave               Conj/Fire      12%        2d6       67%         4
 Hailstorm                Conj/Ice       12%        3d5       67%         4
 Ice Form                 Ice/Tmut       12%        N/A       67%         4
 Iskenderun's Mystic Bla  Conj/Tloc      12%        2d5       67%         4
 Olgreb's Toxic Radiance  Pois           12%        N/A       67%         4
 Passage of Golubria      Tloc           12%        N/A       67%         4
 Sticky Flame             Conj/Fire      12%        2d4       67%         4
 Silence                  Hex/Air        9%         N/A       80%         5
 Lightning Bolt           Conj/Air       8%         1d20      86%         5
 Metabolic Englaciation   Hex/Ice        7%         N/A       91%         5
 Agony                    Necr           12%        N/A       95%         5
 Blade Hands              Tmut           6%         N/A       95%         5
 Excruciating Wounds      Necr           6%         N/A       95%         5
 Fireball                 Conj/Fire      6%         3d5       95%         5
 Irradiate                Conj/Tmut      6%         3d16      95%         5
 Iskenderun's Battlesphe  Conj           12%        2d7       95%         5
 Manifold Assault         Tloc           12%        N/A       95%         5
 Conjure Ball Lightning   Conj/Air       8%         3x3d6     100%        6
 Death Channel            Necr           6%         N/A       100%        6
 Dispersal                Tloc           6%         N/A       100%        6
 Iron Shot                Conj/Erth      8%         9d3       100%        6
 Simulacrum               Ice/Necr       6%         N/A       100%        6
 Starburst                Conj/Fire      6%         6d4       100%        6
 Dragon Form              Tmut           6%         N/A       100%        7
 Orb of Destruction       Conj           6%         9d6       100%        7
 Storm Form               Tmut/Air       8%         N/A       100%        7
 Borgnjor's Revivificati  Necr           6%         N/A       100%        8
 Discord                  Hex            8%         N/A       100%        8
 Disjunction              Tloc           6%         N/A       100%        8
 Ignition                 Fire           6%         3d4       100%        8
 Lehudib's Crystal Spear  Conj/Erth      8%         10d3      100%        8
 Maxwell's Capacitive Co  Air            10%        ∞         100%        8
 Necromutation            Tmut/Necr      6%         N/A       100%        8
 Death's Door             Necr           6%         N/A       100%        9
 Shatter                  Erth           10%        3d11*     100%        9


Dungeon Overview and Level Annotations

Branches:
Dungeon (15/15)            Temple (1/1) D:6            Lair (6/6) D:8
  Swamp (4/4) Lair:4       Spider (4/4) Lair:4        Slime (5/5) Lair:5
    Orc (2/2) D:9             Elf (3/3) Orc:2        Vaults (5/5) D:13
  Crypt (3/3) Vaults:3       Tomb (0/3) Crypt:3      Depths (4/4) D:15
    Zot (3/5) Depths:4      IceCv (visited)

Altars:
Ashenzari
Gozag
Hepliaklqana
Nemelex Xobeh
Qazlal
Ru
Sif Muna
Trog
Vehumet
Xom
The Shining One
Beogh
Jiyva

Shops:
D:3 (?   D:14 *[(   Orc:2 [![*   Vaults:3 [   Vaults:4 (   Depths:3 ?

Portals:
Hell: Depths:2 Depths:3 Depths:4
Abyss: Depths:3
Pandemonium: Depths:2
Ziggurat: Depths:3
Trove: Elf:1 (give 8 potions of haste)

Annotations:
D:4 3 runed translucent doors, Edmund; Pikel; bnorton916's ghost, amateur DEFE
Lair:3 2 transporters, Loywebes's ghost, journeyman MiFi
Spider:3 Asterion


Innate Abilities, Weirdness & Mutations

You are amphibious.
You cover ground slowly.
You can hop long distances.
You have an extended range of vision and can be seen from far away.
You possess an exceptional clarity of mind.
You are clumsy. (Dex -2)
Your body sometimes deteriorates upon taking damage.
Your system is resistant to poisons. (rPois)


Message History

* * * LOW HITPOINT WARNING * * *
The black draconian roars!
You hear a roar!
You hear a deafening roar!
You hear a roar! x4
Unknown command.
Okay, then.
The tentacled monstrosity's grasp on you weakens, but your attempt to escape fails.
The white draconian stormcaller invokes the aid of Qazlal against you.
Qazlal smites you!
* * * LOW HITPOINT WARNING * * *
The red draconian breathes fire at you. The searing blast misses you.
The searing blast hits the orb of fire.
The orb of fire completely resists.
You block the black draconian's attack.
The tentacled monstrosity tentacle-slaps you but does no damage.
You block the tentacled monstrosity's attack.
The tentacled monstrosity closely misses you.
The white draconian hits your large abomination with a +0 long sword!
The green draconian hits you with a +0 long sword.
* * * LOW HITPOINT WARNING * * *
You block the green draconian's attack.
The shadow dragon breathes negative energy at you.
The bolt of negative energy hits the tentacled monstrosity.
The tentacled monstrosity completely resists.
The bolt of negative energy hits you! You partially resist.
You feel drained.
* * * LOW HITPOINT WARNING * * *
You block the tentacled monstrosity's attack.
The tentacled monstrosity tentacle-slaps you!
* * * LOW HITPOINT WARNING * * *
The tentacled monstrosity completely misses you.
The tentacled monstrosity constricts you.
Hop to where?
Press: ? - help, Dir - move target You escape the tentacled monstrosity's grasp.
Boing!
The tentacled monstrosity is no longer covered in acid.
The white draconian stormcaller utters an invocation to Qazlal.
Something hits your large abomination.
The purple draconian shifter breathes dispelling energy at you.
The bolt of dispelling energy hits you!!
You feel strangely stable.
You die...

### #..## ##....##
##......##
##....!...##
##..q.......#
##k..@........
##..#..........
##Xdq.$<..##.#.#
##.XdXqk..##
##.§kDzq...###
#X..d.dd.......
#..*§.##..#.....
#....#.§..#......
#.!§..#..#.......#


You could see an orb of fire (ally target), a shadow dragon (catching breath), 2
tentacled monstrosities, a green draconian monk, a black draconian, a yellow
draconian, a green draconian, a red draconian, a purple draconian shifter
(catching breath), a death cob (corroded), a white draconian stormcaller, a
yellow draconian annihilator, a death drake (summoned), a lindwurm (summoned), a
swamp drake (summoned), a friendly tentacled monstrosity (summoned) and a
friendly large abomination (summoned).

Vanquished Creatures
  the Royal Jelly (Slime:5)
  A dread lich (Vaults:5)
  An ancient lich (Abyss:4)
  Mara (Vaults:5)
  A shard shrike (Lair:5)
  2 golden dragons
  2 bone dragons (Abyss:3)
  10 starcursed masses
  Rupert (D:15)
  4 tentacled monstrosities
  Jorgrun (D:12)
  A lich (Vaults:5)
  2 deep elf blademasters
  2 titans (Vaults:5)
  A deep elf master archer (Elf:3)
  A quicksilver dragon (Vaults:5)
  11 acid blobs
  An ancient champion (Crypt:2)
  2 death cobs (Zot:2)
  2 tentacled starspawn (Abyss:3)
  2 Executioners
  3 sphinxes
  3 thorn hunters
  4 shadow dragons
  4 tengu reavers
  6 storm dragons
  8 rockslimes
  2 fenstrider witches
  9 azure jellies
  A caustic shrike zombie (Abyss:3)
  2 emperor scorpions (Spider:4)
  7 fire giants
  Aizul (Spider:2)
  5 frost giants
  5 iron dragons
  5 ghost moths
  11 vault wardens
  A draconian scorcher (Depths:4)
  6 deep elf elementalists
  8 deep elf sorcerers
  3 draconian annihilators
  17 ironbound preservers
  5 quicksilver oozes
  A juggernaut skeleton (Depths:1)
  3 vampire knights
  15 very ugly things
  13 stone giants
  2 war gargoyles
  An ironbound thunderhulk (Vaults:2)
  A broodmother (Spider:2)
  Nessos (D:12)
  7 deep elf annihilators
  A bunyip (shapeshifter) (Vaults:4)
  5 black draconians
  7 deep elf demonologists
  A spectral titan (Crypt:3)
  2 green draconians
  12 dire elephants
  A purple draconian (Zot:2)
  3 spark wasps
  4 white draconians
  2 eidola
  6 entropy weavers
  2 bunyips
  3 yellow draconians
  4 red draconians
  11 deep elf high priests
  2 ettins
  2 shambling mangroves
  A spectral spriggan (Crypt:3)
  11 great orbs of eyes
  5 deep elf death magi (Elf:3)
  9 yaktaur captains
  6 hydras
  2 jiangshi
  6 fire dragons
  23 vault guards
  A spriggan zombie (Depths:3)
  8 boulder beetles
  2 ghost crabs
  2 rakshasas
  5 ogre magi
  2 peacekeepers
  5 ice dragons
  13 centaur warriors
  6 alligators
  13 ironbound frosthearts
  2 jorogumos (Spider:4)
  16 two-headed ogres
  2 catoblepae (Depths:1)
  11 dancing weapons
  A spriggan air mage (Depths:3)
  A radroach (Spider:2)
  4 deep troll shamans (Depths:1)
  7 death yaks
  A spectral storm dragon (Crypt:3)
  2 hell hogs (Depths:2)
  3 vampire magi
  8 thrashing horrors
  4 deep troll earth magi
  2 orc high priests
  6 hell knights
  4 wretched stars
  2 spriggans
  An iron troll (Depths:3)
  9 deep elf knights
  4 skeletal warriors (Crypt:3)
  A fire crab (Abyss:4)
  2 sixfirhies
  6 shadow wraiths (Crypt:3)
  3 goliath frogs
  A spectral bunyip (Crypt:3)
  A sun moth (Spider:1)
  6 steelbarb worms
  3 pharaoh ants
  3 spriggan druids (Swamp:1)
  4 flayed ghosts (Crypt:3)
  12 large abominations
  6 swamp dragons
  An orb spider (Spider:4)
  3 glowing orange brains
  A death drake (Abyss:3)
  A spark wasp zombie (Depths:3)
  3 bog bodies
  A spatial maelstrom (Abyss:4)
  12 wizards
  42 deep trolls
  2 spriggan simulacra
  17 ironbound convokers
  6 phantasmal warriors
  A shadow demon (Abyss:4)
  24 deep elf zephyrmancers
  2 obsidian statues
  9 lindwurms
  13 deep elf archers
  A sphinx zombie (Depths:3)
  29 ugly things
  5 harpies
  20 deep elf pyromancers
  11 necromancers
  6 orc knights
  2 will-o-the-wisps
  3 shining eyes
  3 orc sorcerers
  13 wolf spiders
  A fire giant zombie (Depths:3)
  7 cyclopes
  3 manticores
  56 slime creatures
  A moth of wrath (shapeshifter) (Vaults:5)
  An apocalypse crab (Abyss:4)
  7 moths of wrath
  A black mamba (shapeshifter) (Abyss:3)
  A fire giant skeleton (Depths:3)
  2 black mambas (Lair:5)
  10 elephants
  5 smoke demons
  2 torpor snails
  15 vault sentinels
  An orange demon (Abyss:3)
  A gargoyle (D:13)
  3 cane toads
  A dire elephant skeleton (Lair:6)
  An eye of devastation (shapeshifter) (Vaults:5)
  2 kobold demonologists (D:10)
  2 rime drakes
  14 yaktaurs
  5 demonic crawlers
  2 unseen horrors
  A grey draconian zombie (Crypt:1)
  A komodo dragon (Lair:1)
  A catoblepas zombie (Crypt:2)
  12 freezing wraiths
  A grey draconian skeleton (Crypt:1)
  2 entropy weaver simulacra (IceCv)
  A tormentor (Abyss:3)
  11 meliai
  A queen bee (Lair:5)
  3 trolls
  9 tyrant leeches
  3 polar bears
  A spectral harpy (Crypt:3)
  16 tarantellas
  4 hornets
  12 raiju
  A sphinx simulacrum (Depths:3)
  A harpy skeleton (Abyss:3)
  An ice dragon zombie (Crypt:2)
  A raiju (shapeshifter) (Elf:1)
  5 dream sheep (Lair:6)
  6 blink frogs
  A culicivora zombie (Crypt:1)
  6 flying skulls
  A culicivora (shapeshifter) (Elf:3)
  A fire dragon zombie (Crypt:2)
  A vampire (Abyss:4)
  9 jumping spiders
  4 wraiths
  4 air elementals
  A centaur simulacrum (Crypt:3)
  3 shadows
  A dire elephant simulacrum (Crypt:3)
  A ynoxinul (Abyss:3)
  13 culicivoras
  5 water elementals
  4 basilisks
  2 wyverns
  38 yaks
  3 fire bats (D:12)
  A neqoxec (Abyss:3)
  2 hogs (Lair:4)
  3 golden eyes (Slime:2)
  4 fire elementals (D:12)
  17 humans
  2 chaos spawn (Abyss:3)
  6 vampire mosquitoes
  49 redbacks
  2 harpy simulacra (Crypt:3)
  A death yak simulacrum (Lair:6)
  5 water moccasins
  A spatial vortex (Abyss:4)
  9 swamp worms
  A hydra simulacrum (IceCv)
  5 wargs
  20 orc warriors
  14 nameless horrors
  6 swamp drakes
  A snapping turtle zombie (Crypt:1)
  2 necrophages
  6 wolves
  4 ettin simulacra
  7 centaurs
  2 boggarts (Elf:1)
  18 ogres
  A phantom (D:6)
  A blink frog skeleton (Crypt:3)
  4 kobold brigands
  4 elf zombies (Elf:3)
  5 bullfrogs
  10 earth elementals
  A gnoll sergeant (D:7)
  A palentonga skeleton (Crypt:1)
  2 scorpions
  12 small abominations
  A water moccasin zombie (Crypt:2)
  2 wyvern skeletons
  25 killer bees
  2 tengu skeletons
  4 electric eels (D:9)
  7 howler monkeys
  A wolf skeleton (Crypt:3)
  A quasit (Abyss:2)
  A hound (D:7)
  3 jellies
  14 orc priests
  A black bear skeleton (Crypt:2)
  2 iron imps (Abyss:3)
  17 orc wizards
  A howler monkey skeleton (D:6)
  7 gnolls
  2 adders
  A shadow imp (Abyss:3)
  8 white imps
  An ufetubus (Abyss:3)
  An iguana zombie (Crypt:3)
  An adder skeleton (D:4)
  2 iguana skeletons (Crypt:3)
  A worm (D:2)
  55 orcs
  5 ball pythons
  A bat (D:3)
  3 endoplasms
  A giant cockroach (D:3)
  5 goblins
  2 hobgoblins
  A quokka (D:2)
  2 frilled lizards
  10 kobolds
  5 rats
  3 briar patches (Swamp:4)
  A lurking horror (Abyss:3)
  4 starspawn tentacles (Abyss:3)
  2 tentacles (Abyss:4)
1538 creatures vanquished.

Vanquished Creatures (collateral kills)
  the Lernaean hydra (Swamp:4)
  A curse toe (Zot:2)
  Xtahua (Vaults:5)
  3 golden dragons
  Jory (Crypt:1)
  A bone dragon (Abyss:3)
  A profane servitor (Abyss:4)
  4 tentacled monstrosities
  A quicksilver dragon (Vaults:5)
  A deep elf master archer (Elf:2)
  4 titans (Vaults:5)
  6 acid blobs
  A deep elf blademaster (Elf:2)
  A sphinx (shapeshifter) (Vaults:5)
  An ancient champion (Crypt:3)
  2 death cobs
  A thorn hunter (Depths:3)
  2 tentacled starspawn
  Kirke (Lair:4)
  4 storm dragons
  2 tengu reavers (Vaults:5)
  2 shadow dragons
  2 draconian monks (Zot:2)
  5 revenants
  2 azure jellies (Slime:5)
  4 fire giants
  3 emperor scorpions (Spider:4)
  A frost giant (Depths:1)
  A daeva (Abyss:4)
  3 deep elf sorcerers
  A rockslime (Slime:2)
  A balrug (Abyss:4)
  2 orc warlords
  A draconian knight (Zot:2)
  A ghost moth (Zot:2)
  A juggernaut zombie (Crypt:3)
  A draconian scorcher (Zot:1)
  2 iron dragons
  8 vault wardens
  A spectral juggernaut (Crypt:3)
  Louise (Swamp:4)
  2 curse skulls
  3 draconian shifters
  A draconian stormcaller (Zot:1)
  6 ironbound preservers
  4 stone giants
  A draconian annihilator (Zot:2)
  A ghoul (Crypt:1)
  An ironbound thunderhulk (Vaults:4)
  A juggernaut skeleton (Abyss:3)
  3 quicksilver oozes
  A vampire knight (Crypt:1)
  7 very ugly things
  An ophan (Abyss:1)
  An eleionoma (Swamp:2)
  3 deep elf demonologists
  2 black draconians
  A green draconian (Zot:2)
  5 yellow draconians
  4 deep elf annihilators
  An entropy weaver (Vaults:4)
  A spark wasp (Vaults:4)
  6 dire elephants
  3 purple draconians
  4 eidola
  3 deep elf death magi
  5 ettins
  A crystal guardian (Vaults:3)
  A green death (Abyss:3)
  A spectral quicksilver dragon (Crypt:3)
  A merfolk javelineer (Depths:2)
  2 fire dragons
  5 great orbs of eyes
  2 jiangshi
  11 vault guards
  4 yaktaur captains
  2 rakshasas
  7 hydras
  2 spriggan zombies (Crypt:3)
  8 ice dragons
  3 boulder beetles (Abyss:4)
  A peacekeeper (Vaults:4)
  3 spriggan air magi
  An alligator (Swamp:1)
  8 two-headed ogres
  A death yak (Lair:6)
  2 centaur warriors
  2 deep troll earth magi
  A dancing weapon (Elf:3)
  4 hell hogs
  4 vampire magi
  6 thrashing horrors
  A titan zombie (Crypt:2)
  2 hell knights (Abyss:4)
  A spectral storm dragon (Crypt:3)
  A deep elf knight (Elf:2)
  3 sun demons (Abyss:4)
  5 skeletal warriors (Crypt:3)
  5 wretched stars
  An iron troll (Depths:3)
  A spectral bunyip (Crypt:3)
  8 large abominations
  A sixfirhy (Abyss:4)
  6 flayed ghosts
  An iron giant zombie (Crypt:3)
  2 goliath frogs
  3 orb spiders
  A deep troll (shapeshifter) (Depths:4)
  A spectral anaconda (Lair:6)
  A sun moth (Spider:1)
  A death drake (Swamp:1)
  2 bog bodies
  14 deep trolls
  A glowing orange brain (Depths:1)
  2 ironbound convokers
  2 wizards (Vaults:2)
  A spectral iron dragon (Crypt:3)
  A swamp dragon (Swamp:4)
  A deep elf archer (Elf:3)
  2 necromancers
  A steelbarb worm (Spider:4)
  A spriggan simulacrum (Abyss:3)
  2 lindwurms
  A phantasmal warrior (Vaults:4)
  A deep elf pyromancer (Elf:3)
  A stone giant zombie (Crypt:1)
  3 orc knights (Vaults:4)
  4 deep elf zephyrmancers
  A will-o-the-wisp (Abyss:4)
  3 harpies
  6 ugly things
  A cyclops (D:8)
  A spectral centaur (Crypt:3)
  2 shining eyes (Slime:5)
  2 elephants
  3 wolf spiders
  A black mamba (Lair:4)
  4 moths of wrath
  5 smoke demons
  A worldbinder (Abyss:4)
  A shock serpent zombie (Crypt:1)
  An eye of devastation (Slime:5)
  8 vault sentinels
  Maurice (Orc:1)
  Maggie (D:9)
  2 orange demons (Abyss:4)
  A demonic crawler (Abyss:3)
  6 cane toads
  3 rime drakes
  A steelbarb worm zombie (Crypt:2)
  A kobold demonologist (D:9)
  2 efreet
  A komodo dragon (Lair:2)
  5 yaktaurs
  An ice devil (IceCv)
  15 freezing wraiths
  7 starcursed masses
  A golden dragon simulacrum (IceCv)
  5 ancient zymes
  A shadow dragon simulacrum (Crypt:3)
  2 meliai (Lair:5)
  4 hornets
  A spectral harpy (Crypt:3)
  2 tyrant leeches
  2 tarantellas (Spider:1)
  A troll (Orc:1)
  8 blink frogs
  A harpy skeleton (Crypt:3)
  6 slime creatures
  A boulder beetle zombie (Crypt:3)
  An ettin zombie (Abyss:3)
  3 raiju (Abyss:4)
  6 flying skulls
  3 dream sheep (Lair:6)
  11 jumping spiders
  A spriggan (Swamp:2)
  2 culicivoras
  2 shadows
  3 wraiths
  A water elemental (Depths:2)
  A vampire (D:12)
  2 wyverns
  13 yaks
  4 nameless horrors
  6 golden eyes
  A steam dragon (Lair:4)
  4 basilisks
  A death yak simulacrum (Lair:6)
  8 redbacks
  4 chaos spawn
  5 swamp worms
  7 neqoxecs
  A two-headed ogre zombie (Crypt:1)
  A spectral cane toad (Lair:6)
  7 water moccasins
  An acid dragon (D:7)
  2 sky beasts (D:7)
  A floating eye (Depths:2)
  A floating eye (shapeshifter) (Depths:2)
  2 swamp drakes (Swamp:4)
  7 orc warriors
  12 ogres
  2 necrophages
  3 ice beasts
  2 wolves (Lair:1)
  2 centaurs
  A rime drake zombie (Crypt:1)
  A kobold brigand (D:8)
  A bullfrog (D:8)
  4 scorpions
  A deep troll simulacrum (IceCv)
  3 small abominations
  A warg zombie (Crypt:2)
  12 killer bees (Lair:5)
  A troll skeleton (Crypt:2)
  3 howler monkeys
  5 electric eels
  A polar bear skeleton (Crypt:2)
  2 hounds (D:7)
  2 bullfrog zombies
  3 quasits
  2 centaur zombies
  A centaur skeleton (D:5)
  5 jellies
  13 orc priests
  2 gnoll shamans
  An iguana (D:5)
  10 orc wizards
  A hound skeleton (D:4)
  A howler monkey zombie (D:7)
  5 gnolls
  A howler monkey skeleton (D:7)
  5 adders
  A shadow imp (D:8)
  3 white imps
  A worm (D:4)
  A dart slug (D:3)
  50 orcs
  4 ball pythons
  A bat (D:1)
  2 endoplasms
  A giant cockroach (D:3)
  A goblin (D:1)
  A hobgoblin (D:2)
  2 kobolds
  A quokka (D:1)
  A frilled lizard (D:2)
  3 rats (D:1)
  A spectral goblin (D:3)
  6 briar patches
  3 starspawn tentacles
  A tentacle (Abyss:4)
749 creatures vanquished.

Vanquished Creatures (others)
  An acid blob (Lair:5)
  Gastronok (Orc:1)
  A kraken (Abyss:4)
  A sphinx (Vaults:4)
  2 thorn hunters
  4 emperor scorpions
  3 vault wardens (Vaults:1)
  3 very ugly things (Vaults:2)
  3 ironbound preservers
  An eleionoma (Swamp:2)
  A bunyip (Swamp:3)
  A dire elephant (Vaults:3)
  A deep elf death mage (Elf:3)
  Fannar (Lair:2)
  A great orb of eyes (Vaults:2)
  8 hydras
  3 vault guards
  2 ice dragons
  An ironbound frostheart (Vaults:4)
  A jorogumo (shapeshifter) (D:9)
  2 centaur warriors
  2 death knights (D:14)
  An ogre mage (Orc:2)
  5 two-headed ogres
  A spriggan berserker (Depths:4)
  4 death yaks
  A thrashing horror (Abyss:3)
  3 deep elf knights
  A spectral death yak (Lair:6)
  An orb spider (Spider:4)
  6 deep trolls
  A goliath frog (Swamp:3)
  3 deep elf archers
  An ironbound convoker (Vaults:3)
  3 necromancers
  3 deep elf zephyrmancers
  An orc sorcerer (Orc:2)
  A cyclops (Orc:2)
  5 wolf spiders
  8 ugly things
  A will-o-the-wisp (Swamp:3)
  6 elephants
  A torpor snail (Lair:5)
  4 cane toads
  A vault sentinel (Vaults:2)
  3 rime drakes
  A demonic crawler (Spider:1)
  3 yaktaurs
  Psyche (D:9)
  3 komodo dragons
  An entropy weaver simulacrum (IceCv)
  3 freezing wraiths
  4 polar bears
  2 bloated husks (Swamp:2)
  2 tarantellas
  A tyrant leech (Swamp:2)
  2 spectral elephants (Lair:6)
  4 blink frogs
  3 dream sheep (Lair:6)
  2 culicivoras
  A shadow (D:12)
  A jumping spider (Spider:1)
  An air elemental (Elf:1)
  A dire elephant simulacrum (Lair:6)
  4 humans (D:13)
  A wraith (D:14)
  10 yaks
  A wyvern (Lair:5)
  A golden eye (Abyss:3)
  A chaos spawn (Abyss:4)
  3 hogs (Lair:4)
  8 redbacks
  2 swamp worms
  A warg (Orc:2)
  A harpy simulacrum (IceCv)
  3 water moccasins
  2 small abominations
  3 orc warriors
  An elephant zombie (Lair:6)
  3 ogres
  2 cane toad simulacra (Lair:6)
  2 deep troll simulacra (IceCv)
  3 killer bees (Lair:5)
  3 nameless horrors
  An orc wizard (Orc:1)
  7 orcs
  A goblin (shapeshifter) (Abyss:3)
  20 foxfires
  15 fungi
  66 plants
  42 starspawn tentacles
  4 tentacles (Abyss:4)
  9 toadstools (Swamp:2)
  18 withered plants (Lair:6)
383 creatures vanquished.

Grand Total: 2670 creatures vanquished

Notes
Turn   | Place    | Note
-------+----------+-------------------------------------------
     0 | D:1      | Lutefisk the Barachi Summoner began the quest for the Orb.
     0 | D:1      | Reached XP level 1. HP: 13/13 MP: 3/3
   114 | D:1      | Reached skill level 1 in Fighting
   159 | D:1      | Reached XP level 2. HP: 15/22 MP: 1/5
   490 | D:1      | Reached XP level 3. HP: 29/29 MP: 3/6
   607 | D:2      | Learned a level 2 spell: Call Imp
   611 | D:2      | Learned a level 3 spell: Call Canine Familiar
   732 | D:2      | Reached XP level 4. HP: 37/37 MP: 1/7
   747 | D:2      | Reached skill level 5 in Summonings
   876 | D:3      | Noticed a scorpion
   890 | D:3      | Killed a scorpion
   891 | D:3      | Reached skill level 5 in Fighting
   891 | D:3      | Reached skill level 1 in Armour
   891 | D:3      | Reached XP level 5. HP: 37/44 MP: 1/8
   938 | D:3      | Found Murrinei's Magic Scroll Boutique.
   950 | D:3      | Bought a scroll of blinking for 75 gold pieces
   993 | D:3      | Reached skill level 1 in Polearms
   994 | D:3      | Found a faded altar of an unknown god.
  1023 | D:3      | Found Bitaje Qyuni's Weapon Shop.
  1258 | D:3      | Found a faded altar of an unknown god.
  1309 | D:3      | Reached XP level 6. HP: 37/51 MP: 6/9
  1356 | D:4      | Found a runed translucent gate.
  1356 | D:4      | Found a runed translucent gate.
  1356 | D:4      | Found a runed translucent gate.
  1358 | D:4      | Identified the +8 spear of Sinures {pain, Int+7 Stlth+}
  1360 | D:4      | Identified the +0 plate armour of the Sparrow {rCorr Int+3}
  1360 | D:4      | Noticed an orc warrior
  1360 | D:4      | Noticed bnorton916's ghost (amateur DEFE)
  1388 | D:4      | Reached skill level 6 in Summonings
  1816 | D:4      | Found a radiant altar of Vehumet.
  1883 | D:4      | Noticed Edmund
  1917 | D:4      | Noticed Pikel
  1921 | D:3      | Found a sacrificial altar of Ru.
  2113 | D:5      | Entered Level 5 of the Dungeon
  2160 | D:5      | Noticed a necrophage
  2181 | D:5      | Killed a necrophage
  2182 | D:5      | Reached skill level 1 in Evocations
  2182 | D:5      | Reached XP level 7. HP: 52/58 MP: 3/10
  2422 | D:5      | Reached skill level 7 in Summonings
  2797 | D:5      | Reached XP level 8. HP: 59/67 MP: 6/12
  2827 | D:6      | Noticed a troll
  2860 | D:6      | Found a staircase to the Ecumenical Temple.
  2880 | Temple   | Entered the Ecumenical Temple
  2890 | Temple   | Became a worshipper of Qazlal Stormbringer
  3048 | D:6      | Reached skill level 8 in Summonings
  3239 | D:6      | Noticed a cyclops
  3252 | D:7      | Noticed a green ugly thing
  3294 | D:7      | Reached skill level 1 in Invocations
  3482 | D:8      | Learned a level 4 spell: Summon Lightning Spire
  3545 | D:8      | Reached skill level 1 in Air Magic
  3545 | D:8      | Reached XP level 9. HP: 55/74 MP: 8/13
  3598 | D:8      | Reached * piety under Qazlal
  3599 | D:8      | Reached skill level 5 in Armour
  3611 | D:8      | Found a hazy altar of Hepliaklqana.
  3611 | D:8      | Found a staircase to the Lair.
  3835 | D:7      | Reached skill level 5 in Dodging
  3906 | D:7      | Reached skill level 9 in Summonings
  4621 | D:6      | Killed a cyclops
  4622 | D:6      | Reached skill level 10 in Summonings
  5026 | D:7      | Identified the +2 plate armour of Heresy {rPois Dex+4 SInv}
  5038 | D:7      | Reached XP level 10. HP: 57/83 MP: 10/14
  5052 | D:7      | Paralysed by a hornet for 1 turns
  5780 | D:7      | Paralysed by a gnoll sergeant for 2 turns
  5791 | D:7      | Paralysed by a gnoll sergeant for 7 turns
  5899 | D:7      | Learned a level 3 spell: Summon Guardian Golem
  6192 | D:7      | Reached ** piety under Qazlal
  6273 | D:8      | Reached skill level 1 in Shields
  6317 | D:8      | Found a shimmering blue altar of Sif Muna.
  6440 | D:8      | Noticed a cyclops
  6494 | D:8      | Killed a cyclops
  6495 | D:8      | Reached skill level 1 in Hexes
  6549 | D:8      | Reached skill level 10 in Fighting
  6649 | D:8      | Reached skill level 11 in Summonings
  7137 | D:9      | Reached *** piety under Qazlal
  7259 | D:9      | Noticed Maggie
  7275 | D:9      | Killed Maggie
  7276 | D:9      | Reached skill level 5 in Shields
  7276 | D:9      | Reached XP level 11. HP: 71/92 MP: 1/15
  7300 | D:9      | Found a sparkling altar of Nemelex Xobeh.
  7461 | D:9      | Found a staircase to the Orcish Mines.
  7473 | D:9      | Noticed a spark wasp
  7694 | Lair:1   | Entered Level 1 of the Lair of Beasts
  8343 | Lair:1   | Reached **** piety under Qazlal
  9364 | Lair:2   | Reached XP level 12. HP: 81/100 MP: 11/16
  9375 | Lair:2   | Reached skill level 10 in Armour
  9392 | Lair:2   | Noticed Fannar
  9442 | Lair:2   | Killed Fannar
  9443 | Lair:2   | Reached skill level 5 in Invocations
 10520 | Lair:3   | Noticed a seven-headed hydra
 10522 | Lair:3   | Noticed Loywebes's ghost (journeyman MiFi)
 10790 | Lair:3   | Found a transporter.
 10793 | Lair:3   | Found a transporter.
 11380 | Lair:4   | Noticed a death yak
 11400 | Lair:4   | Noticed a death yak
 11403 | Lair:4   | Noticed a death yak
 11424 | Lair:3   | Killed a death yak
 11551 | Lair:3   | Killed a death yak
 11614 | Lair:4   | Killed a death yak
 11647 | Lair:4   | Gained mutation: You can hop long distances. [Barachi
                  | growth]
 11647 | Lair:4   | Reached XP level 13. HP: 108/108 MP: 16/17
 11666 | Lair:4   | Found a hole to the Spider Nest.
 11833 | Lair:4   | Reached skill level 10 in Dodging
 11833 | Lair:4   | Reached skill level 10 in Shields
 12174 | Lair:5   | Noticed Kirke
 12212 | Lair:5   | Noticed a sphinx
 12218 | Lair:4   | Killed Kirke
 12242 | Lair:5   | Got the Grimoire of the Voyage and the Mountains
 12249 | Lair:5   | Learned a level 4 spell: Animate Armour
 12280 | Lair:5   | Reached ***** piety under Qazlal
 12391 | Lair:5   | Reached skill level 1 in Earth Magic
 12500 | Lair:5   | Identified the +1 chain mail of Ubre {Rampage rCorr Int-4
                  | SInv}
 12638 | Lair:5   | Found a staircase to the Slime Pits.
 13056 | Lair:5   | Reached skill level 12 in Summonings
 13107 | Lair:5   | Reached XP level 14. HP: 30/115 MP: 7/20
 13780 | Lair:6   | Entered Level 6 of the Lair of Beasts
 14495 | Lair:6   | Noticed a dire elephant
 14850 | Lair:6   | Killed a dire elephant
 14914 | Lair:6   | Identified the +3 ring mail of Peatio {Harm Rampage rC-
                  | Stlth+}
 15075 | Lair:6   | Got Sif Muna's Guide on Aerial Contamination
 15392 | D:9      | Noticed Psyche
 15409 | D:9      | Killed Psyche
 15410 | D:9      | Reached XP level 15. HP: 123/123 MP: 12/21
 15726 | Orc:1    | Entered Level 1 of the Orcish Mines
 15726 | Orc:1    | Noticed Gastronok
 15757 | Orc:1    | Killed Gastronok
 15882 | Orc:1    | Noticed Maurice
 15902 | Orc:1    | Killed Maurice
 16011 | Orc:2    | Entered Level 2 of the Orcish Mines
 16882 | Orc:2    | Reached skill level 10 in Invocations
 17198 | Orc:2    | Found Acrip's Assorted Antiques.
 17198 | Orc:2    | Found Otutuona's Distillery.
 17199 | Orc:2    | Found Jyacway's Armour Boutique.
 17199 | Orc:2    | Found Ximpiar's Antique Armour Shoppe.
 17385 | Orc:2    | Reached skill level 15 in Armour
 17407 | Orc:2    | Paralysed by something for 5 turns
 17597 | Orc:2    | Found a staircase to the Elven Halls.
 17642 | Orc:2    | Bought a potion of curing for 51 gold pieces
 17642 | Orc:2    | Bought a potion of haste for 170 gold pieces
 17662 | Orc:2    | Bought a pair of runed boots for 195 gold pieces
 17845 | Orc:2    | Paralysed by an orc sorcerer for 4 turns
 17939 | Orc:2    | Bought a +1 chain mail of poison resistance for 189 gold
                  | pieces
 18323 | D:10     | Entered Level 10 of the Dungeon
 19313 | D:12     | Noticed Nessos
 19387 | D:12     | Found the +7 great mace "Firestarter" {inner flame, rF++}
 19400 | D:12     | Killed Nessos
 19572 | D:12     | Noticed Jorgrun
 19584 | D:12     | Killed Jorgrun
 19585 | D:12     | Reached XP level 16. HP: 134/134 MP: 16/23
 19821 | D:13     | Reached skill level 15 in Fighting
 20156 | D:13     | Found a gate to the Vaults.
 20473 | D:14     | Found Ywuagiq's General Store.
 20476 | D:14     | Bought a scroll of teleportation for 42 gold pieces
 20476 | D:14     | Bought a scroll of blinking for 105 gold pieces
 20562 | D:14     | Found Joemun's Weapon Boutique.
 20574 | D:14     | Bought the +8 autumn katana {vorpal, manifold assault} for
                  | 909 gold pieces
 20574 | D:14     | Found the +8 autumn katana {vorpal, manifold assault}
 20684 | D:15     | Entered Level 15 of the Dungeon
 20819 | D:15     | Reached skill level 1 in Long Blades
 20855 | D:15     | Reached skill level 5 in Long Blades
 21415 | D:14     | Found Zeexip's Armour Boutique.
 21438 | D:15     | Noticed Rupert
 21438 | D:15     | Paralysed by Rupert for 5 turns
 21446 | D:15     | Paralysed by Rupert for 3 turns
 21714 | Lair:4   | Found a staircase to the Swamp.
 21734 | Swamp:1  | Entered Level 1 of the Swamp
 22139 | Swamp:1  | Found a frozen archway.
 22149 | IceCv    | Entered an ice cave
 22228 | IceCv    | Reached XP level 17. HP: 69/144 MP: 8/24
 23209 | IceCv    | Reached skill level 10 in Long Blades
 24023 | Swamp:2  | Paralysed by a fenstrider witch for 7 turns
 24539 | Swamp:2  | Identified the +1 robe "Ubef" {Rampage}
 24864 | Swamp:3  | Reached skill level 13 in Summonings
 25074 | Swamp:4  | Entered Level 4 of the Swamp
 25194 | Swamp:4  | Paralysed by a fenstrider witch for 4 turns
 25469 | Swamp:4  | Noticed Louise
 25495 | Swamp:4  | Killed Louise
 25852 | Swamp:4  | Noticed the 27-headed Lernaean hydra
 25863 | Swamp:4  | Killed the 27-headed Lernaean hydra
 26092 | Swamp:4  | Got a decaying rune of Zot
 26335 | Spider:1 | Entered Level 1 of the Spider Nest
 26454 | Spider:1 | Reached XP level 18. HP: 114/151 MP: 9/26
 26902 | Spider:1 | Identified the +0 robe of Least Resistance {Archmagi}
 27022 | Spider:2 | Noticed Aizul
 27061 | Spider:2 | Killed Aizul
 27817 | Spider:3 | Identified the +0 kite shield "Edihek" {rF+ Str+2 SInv}
 27817 | Spider:3 | Noticed Asterion
 28143 | Spider:4 | Entered Level 4 of the Spider Nest
 28249 | Spider:4 | Reached skill level 14 in Summonings
 28458 | Spider:4 | Reached ****** piety under Qazlal
 28732 | Spider:4 | Reached skill level 15 in Dodging
 30035 | Spider:4 | Reached skill level 15 in Shields
 30042 | Spider:4 | Identified the -2 hat of Navvafa {rF+ rN+}
 30043 | Spider:4 | Identified the +2 pair of gloves of Pride {rElec rF- rN++
                  | SInv}
 30057 | Spider:4 | Got a gossamer rune of Zot
 30242 | Spider:1 | Reached XP level 19. HP: 161/161 MP: 19/27
 30576 | Vaults:1 | Entered Level 1 of the Vaults
 30579 | Vaults:1 | Identified the +6 scale mail of Hide-and-Seek {Dex+3
                  | Slay+3}
 30611 | Vaults:1 | Reached skill level 15 in Summonings
 33213 | Vaults:1 | Reached XP level 20. HP: 65/170 MP: 23/29
 34024 | Elf:1    | Entered Level 1 of the Elven Halls
 34275 | Elf:1    | Paralysed by an air elemental for 1 turns
 34277 | Elf:1    | Paralysed by an air elemental for 1 turns
 34729 | Elf:1    | Found a portal to a secret trove of treasure.
 35444 | Elf:2    | Paralysed by an air elemental for 1 turns
 35464 | Elf:2    | Paralysed by an air elemental for 1 turns
 35471 | Elf:2    | Paralysed by an air elemental for 1 turns
 35477 | Elf:2    | Paralysed by an air elemental for 1 turns
 35554 | Elf:2    | Paralysed by an air elemental for 1 turns
 35774 | Elf:1    | Found a radiant altar of Vehumet.
 35894 | Elf:3    | Entered Level 3 of the Elven Halls
 36113 | Elf:3    | Cast into level 3 of the Abyss (a deep elf sorcerer)
 36332 | Abyss:3  | Found a corrupted altar of Lugonu.
 36420 | Abyss:3  | Noticed a bone dragon
 36437 | Abyss:3  | Found a transporter.
 36522 | Abyss:3  | Noticed a bone dragon
 36524 | Abyss:3  | Found a corrupted altar of Lugonu.
 36536 | Abyss:3  | Gained mutation: You are dopey. (Int -2) [a neqoxec]
 36537 | Abyss:3  | Gained mutation: Your muscles are strong. (Str +2) [a
                  | neqoxec]
 36554 | Abyss:3  | Killed a bone dragon
 36555 | Abyss:3  | Found a corrupted altar of Lugonu.
 36607 | Elf:3    | Escaped the Abyss
 37098 | Orc:2    | Bought a +0 ring mail of willpower for 154 gold pieces
 37565 | Elf:3    | Got the Catalogue of Sinister Rites
 38389 | Elf:3    | Identified the +2 leather armour "Loghada" {rC+ Int+3 Dex+6
                  | SInv}
 38390 | Elf:3    | Paralysed by an air elemental for 1 turns
 38394 | Elf:3    | Paralysed by an air elemental for 1 turns
 39114 | Elf:3    | Reached XP level 21. HP: 135/180 MP: 20/30
 39118 | Elf:3    | Paralysed by an air elemental for 1 turns
 40144 | Elf:3    | Identified the +10 hand axe of Viny Defiance {spect, Str+2}
 40288 | Elf:3    | Identified the ring "Odwelem" {Fire Will+ Dex+2}
 40367 | Elf:3    | Found the +8 longbow "Zephyr" {speed, Dex+3 SInv}
 42496 | Vaults:2 | Cast into level 2 of the Abyss (a wizard)
 42503 | Abyss:2  | Found a corrupted altar of Lugonu.
 42523 | Abyss:2  | Fell from the grace of Qazlal
 42523 | Abyss:2  | Became a worshipper of Lugonu the Unformed
 42523 | Abyss:2  | Reached * piety under Lugonu
 42524 | Vaults:2 | Escaped the Abyss
 42805 | Vaults:2 | You fall into a shaft and drop 2 floors!
 43523 | Vaults:3 | Found Vudafaf's Armour Boutique.
 43676 | Vaults:3 | Reached XP level 22. HP: 189/190 MP: 22/31
 43722 | Vaults:3 | Found a staircase to the Crypt.
 44492 | Vaults:3 | Reached ** piety under Lugonu
 44493 | Vaults:3 | Reached skill level 16 in Summonings
 44946 | Vaults:4 | Reached skill level 17 in Summonings
 45265 | Vaults:4 | Noticed a shard shrike
 45280 | Vaults:4 | Reached *** piety under Lugonu
 45442 | Vaults:4 | Found Buohol's Weapon Shoppe.
 46199 | Vaults:4 | Learned a level 9 spell: Dragon's Call
 46485 | D:15     | Reached skill level 18 in Summonings
 46537 | D:15     | Killed Rupert
 46793 | D:15     | Found a staircase to the Depths.
 46945 | Depths:1 | Entered Level 1 of the Depths
 46963 | Depths:1 | Reached **** piety under Lugonu
 47971 | Depths:1 | Reached skill level 19 in Summonings
 48422 | Depths:1 | Reached ***** piety under Lugonu
 50150 | Depths:1 | Reached skill level 20 in Summonings
 50633 | Depths:2 | Found a gateway to Hell.
 50697 | Depths:2 | Reached XP level 23. HP: 105/196 MP: 22/32
 50833 | Depths:2 | Found a one-way gate leading to the halls of Pandemonium.
 50961 | Depths:2 | Reached skill level 21 in Summonings
 51044 | Depths:2 | Noticed a shard shrike
 51054 | Depths:2 | Noticed a shard shrike
 51054 | Depths:2 | Noticed a shard shrike
 52163 | Slime:1  | Entered Level 1 of the Pits of Slime
 52492 | Slime:1  | Gained mutation: You are clumsy. (Dex -2) [a shining eye]
 52497 | Slime:1  | Gained mutation: Your body sometimes deteriorates upon
                  | taking damage. [a shining eye]
 52894 | Slime:4  | Found a viscous altar of Jiyva.
 53698 | Slime:1  | Gained mutation: Armour fits poorly on your strangely
                  | shaped body. [a shining eye]
 53740 | Slime:1  | Gained mutation: You are frail. (-10% HP) [a shining eye]
 53768 | Lair:5   | Lost mutation: You are dopey. (Int -2) [potion of mutation]
 53768 | Lair:5   | Lost mutation: Armour fits poorly on your strangely shaped
                  | body. [potion of mutation]
 53768 | Lair:5   | Lost mutation: Your body sometimes deteriorates upon taking
                  | damage. [potion of mutation]
 53768 | Lair:5   | Gained mutation: You have a pair of small horns on your
                  | head. [potion of mutation]
 53768 | Lair:5   | Lost mutation: Your muscles are strong. (Str +2) [potion of
                  | mutation]
 53873 | Slime:1  | Noticed a shard shrike
 54615 | Depths:3 | Found a one-way gateway to a ziggurat.
 54698 | Depths:3 | Reached skill level 22 in Summonings
 54713 | Depths:3 | Found a flickering gateway to a bazaar.
 54723 | Bazaar   | Entered a bazaar
 54741 | Bazaar   | Found Wuotuome's Antique Armour Shoppe.
 54762 | Bazaar   | Found Kabi's Antique Weapon Shoppe.
 54777 | Bazaar   | Found Ogrunwat's General Store.
 54826 | Bazaar   | Bought an embroidered cloak for 202 gold pieces
 54843 | Bazaar   | Lost mutation: You have a pair of small horns on your head.
                  | [potion of mutation]
 54843 | Bazaar   | Lost mutation: You are frail. (-10% HP) [potion of
                  | mutation]
 54843 | Bazaar   | Gained mutation: Your system is resistant to poisons.
                  | (rPois) [potion of mutation]
 54843 | Bazaar   | Gained mutation: You possess an exceptional clarity of
                  | mind. [potion of mutation]
 54847 | Bazaar   | Bought a shiny helmet for 202 gold pieces
 55073 | Bazaar   | Bought a translucent dagger for 252 gold pieces
 55073 | Bazaar   | Identified the +2 dagger "Ulomac" {flame, *Slow rN++ Str+4}
                  | (You bought it in a shop in a bazaar)
 55073 | Bazaar   | Bought a jewelled morningstar for 324 gold pieces
 55073 | Bazaar   | Identified the +9 morningstar "Waoduck" {antimagic, rCorr
                  | Str+5 Int-3} (You bought it in a shop in a bazaar)
 55087 | Bazaar   | Bought a potion of heal wounds for 60 gold pieces
 55683 | Depths:3 | Reached ****** piety under Lugonu
 56062 | Depths:3 | Found a one-way gate to the infinite horrors of the Abyss.
 56083 | Depths:3 | Reached skill level 5 in Spellcasting
 56164 | Depths:3 | Found Rithut Erhed's Magic Scroll Emporium.
 56170 | Depths:3 | Bought a scroll of teleportation for 60 gold pieces
 56170 | Depths:3 | Bought a scroll of teleportation for 60 gold pieces
 56175 | Depths:3 | Bought a scroll of summoning for 190 gold pieces
 56433 | Depths:3 | Noticed a shard shrike
 56433 | Depths:3 | Noticed a shard shrike
 56433 | Depths:3 | Noticed a shard shrike
 56443 | Abyss:1  | Found a corrupted altar of Lugonu.
 56565 | Abyss:2  | Found a corrupted altar of Lugonu.
 56925 | Depths:3 | Escaped the Abyss
 57146 | Depths:4 | Entered Level 4 of the Depths
 57273 | Depths:4 | Identified the +2 pair of gloves "Ubadaheq" {Harm rCorr
                  | Slay-5 SInv}
 58339 | Depths:4 | Reached skill level 23 in Summonings
 58688 | Depths:4 | Was forgiven by Qazlal
 58792 | Depths:4 | Found a gate to the Realm of Zot.
 59320 | Lair:5   | Killed a shard shrike
 60596 | Slime:5  | Entered Level 5 of the Pits of Slime
 60618 | Slime:5  | Reached skill level 24 in Summonings
 60967 | Slime:5  | Reached XP level 24. HP: 203/204 MP: 11/32
 61489 | Slime:5  | Found a viscous altar of Jiyva.
 61490 | Slime:5  | Noticed the Royal Jelly
 61500 | Slime:5  | Gained mutation: Your body sometimes deteriorates upon
                  | taking damage. [a shining eye]
 61546 | Slime:5  | Killed the Royal Jelly
 62220 | Slime:5  | Got a slimy rune of Zot
 62232 | Slime:5  | Identified the ring "Mitoasad" {*Slow rF++ MP+9 AC+4
                  | Stlth-}
 62241 | Slime:5  | Found the +3 salamander hide armour {Flames rF++ rC--}
 62291 | Slime:5  | Identified the +0 robe of Egoun {rC+ Regen+ SInv}
 62797 | Vaults:4 | Reached skill level 25 in Summonings
 63321 | Vaults:4 | Banished a shard shrike
 63666 | Vaults:4 | Learned a level 8 spell: Summon Horrible Things
 63734 | Vaults:4 | Reached skill level 10 in Spellcasting
 64226 | Vaults:4 | Identified the +0 plate armour "Lygixyedd" {rC+++ rN+++
                  | Int-3 Dex-2}
 64873 | Vaults:5 | Entered Level 5 of the Vaults
 65613 | Vaults:5 | Noticed Mara
 66032 | Vaults:5 | Noticed Lutefisk's illusion
 66176 | Crypt:1  | Entered Level 1 of the Crypt
 66724 | Crypt:1  | Paralysed by a vampire knight for 6 turns
 66803 | Crypt:1  | Learned a level 7 spell: Summon Hydra
 66929 | Crypt:1  | Noticed Jory
 66937 | Crypt:1  | Killed Jory
 67257 | Crypt:2  | Reached skill level 26 in Summonings
 67386 | Crypt:2  | Reached XP level 25. HP: 122/210 MP: 23/37
 67603 | Crypt:3  | Entered Level 3 of the Crypt
 67603 | Crypt:3  | Found a staircase to the Tomb.
 67867 | Crypt:3  | Found the +8 Wrath of Trog {antimagic, *Rage Rampage}
 68373 | Crypt:3  | Reached skill level 27 in Summonings
 68387 | Crypt:3  | Identified the +2 leather armour "Axaol" {Int+4 Dex+2}
 68400 | Crypt:3  | Identified the ring "Ybaamaoq" {*Corrode rN+ Will+++ Str+4
                  | Dex-4}
 68400 | Crypt:3  | Identified the ring "Peceiliro" {rElec rN+}
 68400 | Crypt:3  | Identified the ring of Sif Muna's Scorn {rN+ Str+2}
 68704 | Vaults:5 | Identified the +7 broad axe "Yla Siju" {speed, Dex+6}
 68786 | Vaults:5 | Noticed Xtahua
 68802 | Vaults:5 | Got a silver rune of Zot
 68806 | Vaults:5 | Killed Xtahua
 68900 | Vaults:5 | Identified the +9 hunting sling of Emuud {vorpal, rN+ Int-5
                  | Dex+2}
 68907 | Vaults:5 | Noticed a dread lich
 68908 | Vaults:5 | Noticed Lutefisk's illusion
 68932 | Vaults:5 | Identified the +7 hand axe of Valiance {drain, Fragile
                  | +Blink rCorr SInv}
 68932 | Vaults:5 | Identified the ring of Cien {Wiz Slay+2}
 68986 | Vaults:5 | Identified the ring "Hifily" {rF+ Str+6 Int+2}
 69000 | Vaults:5 | Identified the ring "Seasm" {Str+5 Dex+6}
 69006 | Vaults:5 | Identified the +3 chain mail of Slovenliness {-Cast +Inv
                  | Str+2}
 69506 | Vaults:5 | Identified the +3 flail "Siv Roaqou" {freeze, rF- Int+4}
 69585 | Vaults:5 | Noticed Lutefisk's illusion
 69591 | Vaults:5 | Killed a dread lich
 69592 | Vaults:5 | Reached XP level 26. HP: 191/218 MP: 10/38
 69613 | Vaults:5 | Killed Mara
 69615 | Vaults:5 | Identified the +7 short sword of Eternal Night {vamp, Fly
                  | Str+3}
 69721 | Vaults:5 | Identified the +6 shortbow of Karma {freeze, Will++ Int+3}
 69724 | Vaults:5 | Reached skill level 5 in Stealth
 69908 | Vaults:5 | Identified the +5 great mace of Chance {vorpal, *Rage rElec
                  | rN++ Dex+4}
 70356 | Slime:5  | Identified the +5 fire dragon scales of Terror {rF++ rC-
                  | rN+ Str+2}
 70812 | Depths:3 | Voluntarily entered the Abyss.
 70944 | Abyss:2  | Found a runed translucent door.
 71699 | Abyss:4  | Found a broken altar of Ashenzari.
 71893 | Abyss:4  | Noticed an ancient lich
 71910 | Abyss:4  | Killed an ancient lich
 72062 | Abyss:4  | Paralysed by accursed screaming for 1 turns
 72234 | Abyss:4  | Reached XP level 27. HP: 138/214 MP: 12/38
 72234 | Abyss:4  | Got an abyssal rune of Zot
 72235 | Depths:3 | Escaped the Abyss
 72317 | Zot:1    | Entered Level 1 of the Realm of Zot
 72741 | Zot:2    | Identified the amulet of Enuipnir {Reflect +Inv Str+4 SH+5}
 73318 | Zot:3    | Noticed an orb of fire
 73322 | Zot:3    | Killed from afar by a purple draconian shifter

Illustrated notes

Levels and vault maps discovered:
D:1:      elethiomel_arrival_maze, layout_basic
D:2:      layout_loops_ring
D:3:      layout_rooms, nicolae_overflow_ecumenical_swirl,
          dreamdust_ecumenical_altar_drowned_temple, serial_shops,
          nicolae_shop_hallway_plus, shop, nicolae_shop_bloodbath_and_beyond
D:4:      layout_gridville, kennysheep_little_box, mainiacjoe_overflow_alcove_2,
          biasface_ghost_orc_armoury, uniq_pikel, uniq_edmund, uniq_robin
D:5:      layout_basic
D:6:      minmay_general_purpose_star, layout_gridville,
          minmay_temple_entry_statues_fountains
D:7:      nzn_winding_woodlands_stair_cross [nzn_winding_woodlands_5x15_eye,
          nzn_winding_woodlands_center_diamonds,
          nzn_winding_woodlands_5x15_default, nzn_winding_woodlands_5x5_cross,
          nzn_winding_woodlands_5x5_default,
          nzn_winding_woodlands_5x15_lazy_stream,
          nzn_winding_woodlands_center_lodge, nzn_winding_woodlands_5x15_twine],
          layout_basic
D:8:      minmay_tri_box, layout_basic, nicolae_overflow_hidden_temple,
          mainiacjoe_overflow_surrounded_room, special_room [special_room_orc],
          roderic_st_hans_cross, serial_bayou_pond_b,
          nicolae_elevator_lobby_asterisk
D:9:      layout_cave_pods, nemelex_spade_bored_becter,
          minmay_orc_entry_temple_small, disabler_island, uniq_maggie,
          uniq_psyche
D:10:     layout_long_grid
D:11:     layout_irregular_city
D:12:     minmay_firetagon, layout_basic, uniq_jorgrun, uniq_nessos
D:13:     layout_irregular_city, grunt_vaults_entry_tiered
D:14:     layout_cave_pools, serial_shops, shop, nicolae_lakefront_shop,
          kennysheep_mini_moat, hangedman_abyss_or_decor_passed
D:15:     grunt_enter_depths_hoard, layout_small_grid, minmay_misc_feat_hallway,
          uniq_rupert
Temple:   compressed_dpeg_circular_temple
Lair:1:   layout_layer_cave, serial_bayou, serial_bayou_lake_a,
          serial_bayou_crossing, serial_bayou_pond_e, serial_bayou_shore_b,
          grunt_megastairs_3
Lair:2:   layout_roguey, serial_bayou_pond_c, grunt_megastairs_1, uniq_fannar
Lair:3:   layout_cave_pods, gammafunk_ghost_arena
Lair:4:   layout_cellular_growth, nicolae_swamp_entry_splash_gauntlet,
          spider_nest_entry_a
Lair:5:   regret_index_combs_of_tragedy, layout_hall_layers, slime_dummy,
          uniq_kirke
Lair:6:   due_jungle_book, layout_big_grid
Swamp:1:  layout_basic_swamp, portal_ice_cave_entry_pillars_three,
          nicolae_swamp_tree_designs, infiniplex_staircase_pool
Swamp:2:  cheibrodos_swamp_tower_of_moss, layout_basic_swamp,
          evilmike_swamp_ruin_house_3
Swamp:3:  nicolae_swamp_long_stream, layout_basic_swamp,
          hangedman_swamp_ruin_wall, nicolae_swamp_very_dense_foliage
Swamp:4:  swamp_old_school, layout_basic_swamp, uniq_louise
Spider:1: nicolae_spider_mines_3
Spider:2: layout_spider_delve, uniq_aizul
Spider:3: layout_spider_delve, drop_trap, hangedman_spider_tarantella_strand,
          uniq_asterion
Spider:4: grunt_spider_rune_circles
Slime:1:  layout_caves
Slime:2:  layout_caves
Slime:3:  layout_caves, special_room [special_room_jelly]
Slime:4:  cheibrodos_slime_lost_civilization_10, layout_caves, basic_altar
Slime:5
Orc:1:    layout_diamond_mine, mines2_david, uniq_gastronok, uniq_maurice
Orc:2:    st_orc_ogre_mass, layout_caves, minmay_orc_temple_c
Elf:1:    elf_arrival_002, layout_geoelf_diagonals,
          nicolae_trove_entry_free_sample, hangedman_elf_disciples,
          minmay_fountain_box, grunt_megastairs_5, lemuel_upstairs_altar
Elf:2:    nicolae_elf_blades_splatter_lattice [nooodl_blade_entry_preview],
          layout_geoelf_octagon
Elf:3:    nooodl_elf_gasket, layout_gridlike, minmay_elf_necromancy
Vaults:1: ontoclasm_vaults_decontamination, hangedman_vaults_stitches,
          vaults_room_hallway, hangedman_vaults_trim,
          nicolae_vaults_network_quinsquares
          [nicolae_vaults_network_quincunx_subvault,
          nicolae_vaults_network_quincunx_subvault,
          nicolae_vaults_network_quincunx_subvault,
          nicolae_vaults_network_quincunx_subvault], hangedman_vaults_slither,
          nicolae_vaults_branching_niches, vaults_room_stairs_pillars, v_misc_1,
          v_misc_4, layout_vaults_ring
Vaults:2: hangedman_vaults_pinch, grunt_vaults_twisty, nicolae_vaults_network_s,
          ontoclasm_vaults_idyll, v_misc_28, hangedman_vaults_snaps,
          nicolae_vaults_border_crossing, v_misc_25, layout_vaults_big_room
Vaults:3: grunt_vaults_bifocal, vaults_room_corners, vaults_room_grid,
          nicolae_vaults_circle_grid_b, minmay_crypt_entry_simple_plaza,
          vaults_dpeg_diagonal, nicolae_vaults_little_squares_1,
          nicolae_vaults_diagonal_hallway_7, v_misc_25, ontoclasm_vaults_pinch,
          hangedman_vaults_stream, hangedman_vaults_capsules,
          layout_vaults_big_cross, serial_shops, nicolae_shop_hallway_plus
Vaults:4: vaults_mumra_minichess, v_misc_17, st_hourglassy, v_rooms_5,
          hangedman_vaults_impose, v_misc_8, nicolae_vaults_arrows,
          vaults_mumra_hex, layout_vaults_omnigrid, serial_shops,
          nicolae_diamond_shop
Vaults:5: serial_shops, uniq_mara, uniq_xtahua, uniq_margery
Crypt:1:  layout_misc_corridors, uniq_jory
Crypt:2:  layout_chaotic_city
Crypt:3:  due_elkab, layout_chaotic_city, ebering_ghost_inner_flame,
          moated_statue
Depths:1: layout_roguey, grunt_decor_one_mirror, pf_coc_iceberg,
          roderic_roman_lattice, hangedman_cracks_in_the_wall
Depths:2: hangedman_elemental_death_ray, layout_cave_pools,
          hangedman_abyss_or_decor_slice, grunt_pan_entry_sceptre, hell_entry,
          serial_bayou_shore_a
Depths:3: dpeg_oklob_gauntlet, layout_cave_shapes, enter_ziggurat_f,
          minmay_misc_feat_alley, serial_shops, bzr_entry_customers, shop,
          abyss_entry, hell_entry, kennysheep_dice, minmay_shop_star
Depths:4: grunt_zot_entry_hairpin, layout_gridville, nicolae_wwwww,
          grunt_hell_entry_dis_grunt, serial_bayou_shore_b
Zot:1:    layout_twisted_circle
Zot:2:    layout_cathedral_of_symmetry, grunt_megastairs_2, lemuel_elevator
Zot:3:    layout_onion_interference

Skill      XL: |  1  2  3  4  5  6  7  8  9 10 11 12 13 14 15 16 17 18 19 20 21 22 23 24 25 26 27 |
---------------+----------------------------------------------------------------------------------+-----
Fighting       | 2 3 4 5 6 7 8 9 10 11 12 13 14 16 17 18 19 20 | 20.0
Stealth        | 2 4 6 8 |  8.0
Summonings     | 5 6 7 8 10 11 12 13 14 15 20 24 26 27 | 27.0
Armour         | 1 2 3 4 6 8 9 11 12 13 15 16 17 18 19 20 21 23 | 23.0
Polearms       | 1 2 |  2.0
Evocations     | 1 2 3 4 |  4.0
Dodging        | 3 4 5 6 7 9 10 12 13 14 15 17 18 19 20 | 20.0
Spellcasting   | 3 4 6 10 11 | 11.0
Invocations    | 2 4 6 8 9 10 11 12 13 | 13.0
Air Magic      | 1 2 |  2.0
Shields        | 5 7 9 10 12 13 14 15 17 18 20 | 20.0
Hexes          | 1 |  1.0
Earth Magic    | 2 |  2.0
Long Blades    | 9 12 | 12.0

Action                   |  1- 3 |  4- 6 |  7- 9 | 10-12 | 13-15 | 16-18 | 19-21 | 22-24 | 25-27 || total
-------------------------+-------+-------+-------+-------+-------+-------+-------+-------+-------++-------
Melee: Unarmed           |     8 |       |       |       |       |       |       |       |       ||     8
       Short sword       |    44 |    15 |       |       |       |       |       |       |       ||    59
       Punch             |     1 |     1 |     2 |     3 |       |       |       |       |       ||     7
       Spear             |       |    96 |   182 |       |       |       |       |       |       ||   278
       Hand axe          |       |       |    69 |   407 |   432 |    13 |       |       |       ||   921
       Trident           |       |       |       |       |   215 |    48 |       |       |       ||   263
       Broad axe         |       |       |       |       |   140 |   130 |       |       |       ||   270
       Katana            |       |       |       |       |       |  1065 |  1789 |  2659 |  1629 ||  7142
       Headbutt          |       |       |       |       |       |       |       |    22 |       ||    22
Throw: Dart              |       |     2 |     2 |       |     2 |       |       |     1 |       ||     7
       Throwing net      |       |       |       |       |       |       |       |     1 |       ||     1
 Cast: Summon Small Mamm |    26 |    28 |    24 |    10 |     2 |     3 |       |       |       ||    93
       Call Canine Famil |     2 |    10 |    40 |    71 |    28 |    14 |    36 |   119 |       ||   320
       Call Imp          |       |     8 |    15 |    18 |       |       |       |       |       ||    41
       Summon Lightning  |       |       |     5 |    43 |    81 |   107 |   120 |   132 |     1 ||   489
       Summon Guardian G |       |       |       |    15 |    80 |    98 |    43 |    46 |       ||   282
       Animate Armour    |       |       |       |       |       |     2 |    11 |    45 |       ||    58
       Summon Horrible T |       |       |       |       |       |       |       |    36 |    87 ||   123
       Summon Hydra      |       |       |       |       |       |       |       |     8 |    12 ||    20
       Dragon's Call     |       |       |       |       |       |       |       |       |     5 ||     5
Invok: Upheaval          |       |       |       |       |    36 |    32 |    44 |       |       ||   112
       Elemental Force   |       |       |       |       |     2 |     3 |       |       |       ||     5
       Disaster Area     |       |       |       |       |     1 |       |     3 |       |       ||     4
       Depart the Abyss  |       |       |       |       |       |       |     1 |     1 |     1 ||     3
       Banish            |       |       |       |       |       |       |       |    28 |       ||    28
       Enter the Abyss   |       |       |       |       |       |       |       |     1 |       ||     1
 Abil: Hop               |     1 |     2 |     4 |     9 |     9 |    19 |    16 |    20 |     3 ||    83
Evoke: Wand              |       |     1 |     2 |     8 |     1 |    16 |     4 |     5 |     3 ||    40
       Phantom mirror    |       |       |       |       |       |     1 |       |       |     1 ||     2
       Condenser vane    |       |       |       |       |       |       |     1 |       |     2 ||     3
  Use: Scroll            |       |     2 |     2 |     2 |    14 |    12 |     7 |    14 |    13 ||    66
       Potion            |       |       |       |     4 |       |     9 |     8 |    12 |    11 ||    44
 Stab: Sleeping          |     1 |     2 |     1 |       |       |       |     1 |     5 |     4 ||    14
       Distracted        |       |       |     4 |     6 |    12 |    15 |    25 |    55 |    19 ||   136
       Paralysed         |       |       |     1 |     7 |       |       |       |       |       ||     8
       Invisible         |       |       |       |     2 |       |       |       |       |       ||     2
       Confused          |       |       |       |       |       |     1 |       |       |       ||     1
       Petrified         |       |       |       |       |       |       |       |     6 |       ||     6
       Held in net/web   |       |       |       |       |       |       |       |     1 |       ||     1
Armor: Robe              |    15 |    18 |       |       |       |       |       |       |       ||    33
       Leather armour    |       |       |   102 |       |       |       |    62 |   408 |   109 ||   681
       Ring mail         |       |       |     4 |   203 |   278 |   652 |   287 |       |   215 ||  1639
       Scale mail        |       |       |       |    38 |       |       |       |       |       ||    38
       Plate armour      |       |       |       |     1 |       |       |       |       |       ||     1
       Chain mail        |       |       |       |       |   248 |    39 |       |       |       ||   287
Dodge: Dodged            |    29 |    36 |   177 |   252 |   491 |   736 |   642 |  1359 |   782 ||  4504
       Repelled          |       |       |       |     5 |     4 |     7 |    28 |       |       ||    44
Block: Other             |       |       |     2 |     5 |       |       |       |       |       ||     7
       Buckler           |       |       |       |   211 |   856 |   623 |       |       |       ||  1690
       Reflection        |       |       |       |     1 |     2 |       |       |       |     1 ||     4
       Kite shield       |       |       |       |       |       |   413 |  1343 |  1394 |   919 ||  4069
